 Dungeon Crawl Stone Soup version 0.28-a0-796-gd4f0d3f9b2 (webtiles) character file.

Game seed: 4887812327074917132

74198 Decritt the Tortoise (level 15, -4/145 HPs)
             Began as a Minotaur Fighter on Nov 6, 2021.
             Was an Elder of the Shining One.
             Slain by an orc warlord (6 damage)
             ... on level 2 of the Orcish Mines.
             The game lasted 01:31:28 (26187 turns).

Decritt the Tortoise (Minotaur Fighter)            Turns: 26187, Time: 01:31:29

Health: -4/145     AC: 22    Str: 25    XL:     15   Next: 6%
Magic:  2/7        EV: 16    Int:  5    God:    the Shining One [****..]
Gold:   2894       SH: 10    Dex: 12    Spells: 14/14 levels left

rFire   + + .      SeeInvis .   l - +4 scythe (antimagic)
rCold   + . .      Faith    .   (shield currently unavailable)
rNeg    + + .      Spirit   .   c - +0 plate armour
rPois   .          Reflect  .   (helmet restricted)
rElec   .          Harm     .   C - scarf {rC+ rF+}
rCorr   .          Rampage  .   (no gloves)
Will    +....                   n - +2 pair of boots
Stlth   ..........              D - amulet of regeneration
HPRegen 1.34/turn               m - ring of protection from fire
MPRegen 0.10/turn               N - +4 ring of evasion

@: divinely shielded, glowing, studying Maces & Flails
A: horns 2, retaliatory headbutt
a: Renounce Religion, Divine Shield, Cleansing Flame


You were on level 2 of the Orcish Mines.
You worshipped the Shining One.
The Shining One was greatly pleased with you.
You visited 5 branches of the dungeon, and saw 24 of its levels.
You also visited: Sewer.

You collected 2894 gold pieces.

Inventory:

Hand Weapons
 j - a +2 glaive of flaming
 l - a +4 antimagic scythe (weapon)
 v - a +2 whip of flaming
Missiles
 k - 2 javelins
 p - a curare-tipped dart
 q - 22 poisoned darts (quivered)
 E - 2 throwing nets
 I - 2 boomerangs of dispersal
Armour
 c - a +0 plate armour (worn)
 n - a +2 pair of boots (worn)
 o - a +1 cloak
 C - a scarf of resistance (worn)
 H - a +0 kite shield
Jewellery
 m - a ring of protection from fire (left hand)
 D - an amulet of regeneration (around neck)
 L - a ring of positive energy
 N - a +4 ring of evasion (right hand)
 Q - a ring of see invisible
Wands
 b - a wand of flame (60)
 f - a wand of iceblast (22)
 u - a wand of polymorph (21)
 P - a wand of mindburst (13)
Scrolls
 a - 2 scrolls of silence
 g - 6 scrolls of enchant armour
 i - 2 scrolls of teleportation
 s - 3 scrolls of fog
 x - a scroll of immolation
 y - a scroll of brand weapon
 J - a scroll of summoning
 O - a scroll of holy word
Potions
 d - 2 potions of might
 e - 4 potions of mutation
 h - 2 potions of haste
 w - 4 potions of curing
 z - 5 potions of lignification
 A - 2 potions of ambrosia
 B - 3 potions of attraction
 F - 3 potions of resistance
 G - 5 potions of berserk rage
 M - 2 potions of cancellation
Miscellaneous
 K - a lightning rod (4/4)


   Skills:
 * Level 16.7 Fighting
 - Level 12.0(13.4) Axes
 * Level 9.9(12.4) Polearms
 + Level 18.2 Armour
 + Level 12.3 Dodging
 - Level 3.6 Shields
 + Level 10.3 Invocations


You had 14 spell levels left.
You didn't know any spells.
Your spell library contained the following spells:

 Spells                   Type           Power      Damage    Failure   Level
 Magic Dart               Conj           0%         1d3       97%         1
 Sandblast                Erth           0%         2d4       97%         1
 Summon Small Mammal      Summ           0%         N/A       97%         1
 Call Imp                 Summ           0%         N/A       99%         2
 Ensorcelled Hibernation  Hex/Ice        0%         N/A       99%         2
 Passwall                 Tmut/Erth      0%         N/A       99%         2
 Static Discharge         Conj/Air       0%         N/A       99%         2
 Sublimation of Blood     Necr           0%         N/A       99%         2
 Call Canine Familiar     Summ           0%         N/A       100%        3
 Ignite Poison            Fire/Tmut/Pois 0%         N/A       100%        3
 Mephitic Cloud           Conj/Pois/Air  0%         N/A       100%        3
 Spider Form              Tmut/Pois      0%         N/A       100%        3
 Stone Arrow              Conj/Erth      0%         3d7       100%        3
 Summon Guardian Golem    Hex/Summ       0%         N/A       100%        3
 Dispel Undead            Necr           0%         3d6       100%        4
 Petrify                  Tmut/Erth      0%         N/A       100%        4
 Sticky Flame             Conj/Fire      0%         2d3       100%        4
 Freezing Cloud           Conj/Ice/Air   0%         6-21      100%        5
 Irradiate                Conj/Tmut      0%         3d13      100%        5
 Metabolic Englaciation   Hex/Ice        0%         N/A       100%        5
 Conjure Ball Lightning   Conj/Air       0%         3x3d6     100%        6
 Statue Form              Tmut/Erth      0%         N/A       100%        6
 Discord                  Hex            0%         N/A       100%        8
 Disjunction              Tloc           0%         N/A       100%        8


Dungeon Overview and Level Annotations

Branches:
Dungeon (14/15)            Temple (1/1) D:5            Lair (6/6) D:10
  Swamp (0/4) Lair:3        Snake (0/4) Lair:4        Slime (0/5) Lair:6
    Orc (2/2) D:9             Elf (1/3) Orc:2         Sewer (visited)
 Vaults: D:13-14

Altars:
Ashenzari
Cheibriados
Dithmenos
Elyvilon
Fedhas
Gozag
Hepliaklqana
Makhleb
Nemelex Xobeh
Okawaru
Qazlal
Ru
Sif Muna
Trog
Uskayaw
Vehumet
Yredelemnul
Zin
The Shining One
Jiyva

Shops:
D:9 (   Orc:2 *([=

Annotations:
D:9 two headed ogre
D:12 3 runed translucent doors, Conn's ghost, journeyman OpFE
Lair:4 1 runed translucent door, Giocatum's ghost, journeyman DsBe
Lair:6 1 runed translucent door


Innate Abilities, Weirdness & Mutations

You have a pair of horns on your head.
You reflexively headbutt those who attack you in melee.


Message History

a +0 plate armour; a +0 scimitar; a +0 troll leather armour A divine shield forms around you!
You feel very sick. You block the orc warlord's attack. The orc misses you.
You furiously retaliate!
You headbutt the orc.
You kill the orc!
The orc warrior hits you but does no damage.
You hit the orc warlord but do no damage.
You feel very sick.
The orc warlord hits you with a +4 vorpal battleaxe!!
* * * LOW HITPOINT WARNING * * *
* * * LOW HITPOINT WARNING * * *
You block the orc warrior's attack.
The orc warlord hits you with a +4 vorpal battleaxe!!
* * * LOW HITPOINT WARNING * * *
* * * LOW HITPOINT WARNING * * *
Okay, then.
You feel better. The orc warrior closely misses you.
The orc warlord hits you with a +4 vorpal battleaxe!
* * * LOW HITPOINT WARNING * * *
* * * LOW HITPOINT WARNING * * *
The orc warlord roars a battlecry!
The orc warrior goes into a battle-frenzy!
Things that are here:
a +0 falchion; a +0 giant club; a +0 hand axe
Things that are here:
a +0 club; 3 large rocks
There is a stone staircase leading up, spattered with blood here.
Your divine shield is renewed.
You can no longer summon a divine warrior.
You block the orc warrior's attack. You block the orc warlord's attack.
You hit the orc warlord.
The orc warlord is lightly wounded.
The orc warrior closely misses you. You block the orc warlord's attack.
You hit the orc warlord.
The orc warlord is lightly wounded.
You block the orc warrior's attack.
The orc warlord hits you with a +4 vorpal battleaxe!!
* * * LOW HITPOINT WARNING * * *
You die...

##........###..........^.......##
.#..............................#
.......................<....#..##
.#.......∩.....................#
..............................##
..#.........)...........^......##
.##.......................#.....#
#.........[..[.[))..............#
.......∩........@)...............
..............))oo...............
................................#
..................)[)..........##
......#...........)<)...........#
.#................[[[..........##
#####......................#..#.#
#####............................
#.##................#......#.....


You could see an orc warlord and an orc warrior (strong).

Vanquished Creatures
  Kirke (D:12)
  Nessos (Lair:6)
  A dire elephant (Lair:6)
  A boulder beetle (D:13)
  4 hydras
  Erica (D:8)
  A catoblepas (Lair:6)
  2 ogre magi (Orc:1)
  A dancing weapon (Elf:1)
  7 death yaks (Lair:5)
  13 two-headed ogres
  2 deep elf knights (Elf:1)
  A sea snake (Lair:5)
  2 deep trolls
  2 deep elf archers (Elf:1)
  Pikel (D:4)
  A lindwurm (Lair:6)
  4 deep elf zephyrmancers (Elf:1)
  A deep elf pyromancer (Elf:1)
  A harpy (Lair:6)
  2 manticores
  4 cyclopes
  An oklob plant (Lair:2)
  8 black mambas
  The ghost of Lekart the Magician, a novice DrAE of Sif Muna (D:5)
  An unseen horror (D:12)
  11 cane toads
  3 rime drakes
  Psyche (D:8)
  13 komodo dragons
  The ghost of Zigma the Merchant of Misery, a novice OpNe of Kikubaaqudgha (D:4)
  7 polar bears
  14 trolls
  A meliai (D:13)
  17 blink frogs
  A wind drake (Lair:6)
  4 hornets
  4 slime creatures (D:12)
  15 dream sheep
  A shadow (D:12)
  A snapping turtle (Lair:6)
  Sigmund (D:3)
  7 wyverns
  A vampire (D:13)
  20 yaks
  A wraith (D:12)
  A water elemental (Elf:1)
  3 hogs (D:12)
  3 basilisks
  2 steam dragons
  6 vampire mosquitoes
  4 wargs
  3 nagas (Lair:4)
  3 acid dragons
  18 water moccasins
  A hornet zombie (D:8)
  5 sky beasts
  An ice beast (D:7)
  3 black bears
  12 orc warriors
  22 ogres
  A necrophage (D:7)
  12 wolves
  A phantom (D:5)
  A tengu (shapeshifter) (D:13)
  2 centaurs (D:10)
  A lemure (D:3)
  3 kobold brigands
  7 bullfrogs
  2 gnoll sergeants
  A scorpion (D:5)
  5 wights (D:9)
  A howler monkey (D:9)
  2 electric eels
  4 hounds
  3 centaur zombies
  Crazy Yiuf (D:2)
  A bullfrog zombie (D:5)
  A jelly (D:6)
  11 orc priests
  A gnoll shaman (D:8)
  Jessica (D:3)
  17 iguanas
  12 orc wizards
  Ijyb (D:3)
  Terence (D:2)
  6 hell rats (Lair:6)
  2 hound skeletons (D:5)
  2 howler monkey zombies
  Robin (D:3)
  20 gnolls
  10 adders
  A river rat (Sewer)
  A white imp (D:8)
  3 worms
  A dart slug (D:1)
  65 orcs
  A bat (D:3)
  9 endoplasms
  4 giant cockroaches (D:3)
  16 goblins
  3 hobgoblins
  12 jackals
  6 quokkas
  4 ball pythons
  18 frilled lizards
  13 kobolds
  7 rats
574 creatures vanquished.

Vanquished Creatures (collateral kills)
  A merfolk avatar (Lair:6)
  5 elephants (Lair:6)
  A cane toad (Lair:6)
  A rime drake (Lair:6)
  A komodo dragon (Lair:6)
  A blink frog (Lair:6)
  A basilisk (Lair:6)
11 creatures vanquished.

Vanquished Creatures (others)
  4 humans (D:12)
  A wyvern zombie (D:5)
  A scorpion (D:5)
  An iguana (Lair:2)
  36 fungi
  81 plants
  4 toadstools (D:1)
  2 withered plants (D:4)
130 creatures vanquished.

Grand Total: 715 creatures vanquished

Notes
Turn   | Place    | Note
-------+----------+-------------------------------------------
     0 | D:1      | Decritt the Minotaur Fighter began the quest for the Orb.
     0 | D:1      | Reached XP level 1. HP: 19/19 MP: 0/0
   172 | D:1      | Reached XP level 2. HP: 23/27 MP: 1/1
   175 | D:1      | Reached skill level 1 in Dodging
   232 | D:1      | Found a faded altar of an unknown god.
   791 | D:2      | Reached skill level 4 in Armour
  1017 | D:2      | Noticed Terence
  1029 | D:2      | Killed Terence
  1030 | D:2      | Reached XP level 3. HP: 26/33 MP: 2/2
  1616 | D:2      | Found a runed translucent door.
  1617 | D:2      | Noticed Crazy Yiuf
  1623 | D:2      | Killed Crazy Yiuf
  1624 | D:2      | Reached XP level 4. HP: 41/41 MP: 3/3
  1726 | D:3      | Identified a scroll of acquirement
  1726 | D:3      | Acquired a +1 glaive of flaming
  1733 | D:3      | Noticed Jessica
  1747 | D:3      | Found a glowing drain.
  1766 | Sewer    | Entered a sewer
  1960 | Sewer    | Noticed a kobold brigand
  1972 | Sewer    | Killed a kobold brigand
  1973 | Sewer    | Reached XP level 5. HP: 23/47 MP: 4/4
  2150 | Sewer    | Reached skill level 5 in Fighting
  2150 | Sewer    | Reached skill level 5 in Armour
  2150 | Sewer    | Reached XP level 6. HP: 29/56 MP: 5/5
  2638 | D:3      | Noticed Ijyb
  2641 | D:3      | Killed Ijyb
  2654 | D:3      | Killed Jessica
  2791 | D:3      | Noticed Sigmund
  2800 | D:3      | Killed Sigmund
  2801 | D:3      | Reached skill level 5 in Axes
  2801 | D:3      | Reached XP level 7. HP: 48/62 MP: 0/6
  2870 | D:3      | Noticed Robin
  2883 | D:3      | Killed Robin
  3277 | D:3      | HP: 2/62 [lemure[Pikel] (5)]
  3814 | D:4      | Noticed Pikel
  3829 | D:4      | Killed Pikel
  3830 | D:4      | Reached skill level 6 in Armour
  3830 | D:4      | Reached XP level 8. HP: 57/73 MP: 2/7
  4027 | D:4      | Found a runed translucent door.
  4039 | D:4      | Noticed Zigma's ghost (novice OpNe)
  4650 | D:5      | Entered Level 5 of the Dungeon
  4733 | D:5      | Noticed Lekart's ghost (novice DrAE)
  4796 | D:5      | Found a runed translucent gate.
  4796 | D:5      | Found a runed translucent gate.
  4796 | D:5      | Found a runed translucent gate.
  4863 | D:5      | Reached skill level 7 in Armour
  4925 | D:5      | Acquired 1087 gold pieces
  5086 | D:5      | Found a staircase to the Ecumenical Temple.
  5102 | Temple   | Entered the Ecumenical Temple
  5199 | Temple   | Became a worshipper of the Shining One
  5274 | D:5      | Found a blossoming altar of Fedhas.
  6101 | D:6      | Found an iron altar of Okawaru.
  6156 | D:6      | Found a sacrificial altar of Ru.
  6241 | D:6      | Reached XP level 9. HP: 78/83 MP: 2/8
  6347 | D:6      | Found a sparkling altar of Nemelex Xobeh.
  6916 | D:7      | Found a snail-covered altar of Cheibriados.
  6931 | D:7      | Found a hide-covered altar of Uskayaw.
  7109 | D:7      | Found an opulent altar of Gozag.
  7245 | D:7      | Reached skill level 10 in Fighting
  7260 | D:7      | Found a shadowy altar of Dithmenos.
  7366 | D:7      | Found a shimmering blue altar of Sif Muna.
  7561 | D:8      | Reached * piety under the Shining One
  7569 | D:8      | Reached skill level 10 in Axes
  7867 | D:8      | Found a hazy altar of Hepliaklqana.
  7913 | D:8      | Noticed Erica
  7925 | D:8      | Killed Erica
  7997 | D:8      | Noticed Psyche
  8004 | D:8      | Killed Psyche
  8005 | D:8      | Reached XP level 10. HP: 94/94 MP: 3/9
  8453 | D:9      | Found a bloodstained altar of Trog.
  8530 | D:9      | Noticed a two-headed ogre
  8646 | D:9      | Found a burning altar of Makhleb.
  8785 | D:10     | Entered Level 10 of the Dungeon
  8789 | D:10     | Reached skill level 1 in Invocations
  8791 | D:10     | Reached skill level 1 in Polearms
  8795 | D:10     | Reached skill level 8 in Armour
  8974 | D:10     | Noticed a two-headed ogre
  8986 | D:10     | Killed a two-headed ogre
  9384 | D:10     | Found a staircase to the Lair.
  9430 | D:10     | Reached skill level 5 in Dodging
  9697 | D:10     | Found a snail-covered altar of Cheibriados.
  9934 | D:11     | Found a stormy altar of Qazlal.
 10000 | D:11     | Noticed a two-headed ogre
 10008 | D:11     | Killed a two-headed ogre
 10106 | D:11     | Reached ** piety under the Shining One
 10155 | D:11     | Acquired a manual of Maces & Flails
 10203 | D:11     | Noticed a five-headed hydra
 10208 | D:11     | Killed a one-headed hydra
 10209 | D:11     | Reached XP level 11. HP: 89/104 MP: 12/12
 10236 | D:11     | You fall into a shaft and drop 3 floors!
 10295 | D:12     | Noticed Kirke
 10301 | D:12     | Reached skill level 5 in Polearms
 10304 | D:12     | Noticed a lindwurm
 10310 | D:12     | Killed Kirke
 10311 | D:12     | Reached skill level 9 in Armour
 12096 | D:12     | Noticed a two-headed ogre
 12102 | D:12     | Killed a two-headed ogre
 12103 | D:12     | Reached skill level 5 in Invocations
 12108 | D:12     | Found a runed translucent gate.
 12110 | D:12     | Found a runed translucent gate.
 12110 | D:12     | Found a runed translucent gate.
 12112 | D:12     | Noticed a ten-headed hydra
 12112 | D:12     | Noticed Conn's ghost (journeyman OpFE)
 12112 | D:12     | Noticed a 13-headed hydra
 12384 | D:13     | Noticed a boulder beetle
 12527 | D:13     | Noticed a two-headed ogre
 12534 | D:13     | Killed a two-headed ogre
 12618 | D:13     | Killed a boulder beetle
 13008 | D:4      | Killed Zigma's ghost
 13091 | D:5      | Killed Lekart's ghost
 13092 | D:5      | Reached XP level 12. HP: 88/115 MP: 5/15
 13287 | D:9      | Killed a two-headed ogre
 13288 | D:9      | Reached skill level 10 in Armour
 13524 | D:9      | Found a staircase to the Orcish Mines.
 13603 | D:9      | Found Cajiczuc's Antique Weapon Boutique.
 13669 | D:9      | Reached *** piety under the Shining One
 14130 | Lair:1   | Entered Level 1 of the Lair of Beasts
 14678 | Lair:1   | Noticed an eight-headed hydra
 14803 | Lair:1   | Killed a nine-headed hydra
 15690 | Lair:2   | HP: 3/116 [komodo dragon (12)]
 16136 | Lair:2   | Reached skill level 11 in Armour
 16137 | Lair:2   | Found a burning altar of Makhleb.
 17120 | Lair:3   | Reached XP level 13. HP: 101/124 MP: 18/18
 17470 | Lair:3   | You fall into a shaft and drop 3 floors!
 17470 | Lair:6   | Entered Level 6 of the Lair of Beasts
 17604 | Lair:6   | Noticed Nessos
 17738 | Lair:6   | Acquired a manual of Armour
 17783 | Lair:5   | Reached skill level 12 in Armour
 17863 | Lair:5   | Reached skill level 10 in Dodging
 17990 | Lair:4   | Reached **** piety under the Shining One
 18114 | Lair:4   | Reached skill level 13 in Armour
 18396 | Lair:4   | Found a runed translucent door.
 18398 | Lair:4   | Noticed Giocatum's ghost (journeyman DsBe)
 18494 | Lair:4   | Reached skill level 14 in Armour
 18862 | Lair:4   | Found a staircase to the Snake Pit.
 19719 | Lair:6   | Noticed a dire elephant
 19888 | Lair:6   | Killed a dire elephant
 19889 | Lair:6   | Reached skill level 15 in Armour
 19971 | Lair:6   | Reached skill level 15 in Fighting
 19984 | Lair:6   | Reached XP level 14. HP: 135/135 MP: 19/19
 20088 | Lair:6   | Killed Nessos
 20224 | Lair:6   | Found a runed translucent door.
 20224 | Lair:6   | Found a viscous altar of Jiyva.
 20275 | Lair:6   | Found a staircase to the Slime Pits.
 20275 | Lair:6   | Noticed an azure jelly
 20275 | Lair:6   | Noticed an azure jelly
 20346 | Lair:6   | Reached skill level 16 in Armour
 20828 | Lair:6   | Identified the +3 rapier of Woe {holy, *Slow rPois rC+
                  | rCorr}
 21389 | Lair:3   | Found a staircase to the Swamp.
 21908 | Orc:1    | Entered Level 1 of the Orcish Mines
 22081 | Orc:2    | Entered Level 2 of the Orcish Mines
 22081 | Orc:2    | Found Num Erym's Jewellery Shop.
 22249 | Orc:1    | HP: 2/136 [two-headed ogre (16)]
 22463 | Orc:1    | Reached skill level 17 in Armour
 22905 | Orc:1    | Reached skill level 10 in Invocations
 24018 | Orc:1    | Paralysed by an ogre mage for 3 turns
 24143 | Orc:2    | Paralysed by an ogre mage for 3 turns
 24320 | Orc:2    | Found Zatz's Antique Weapon Emporium.
 24505 | Orc:2    | Found Zugraadd's Armour Shoppe.
 24506 | Orc:2    | Found Eryopp's Assorted Antiques.
 24574 | Orc:2    | Found a staircase to the Elven Halls.
 24952 | Elf:1    | Entered Level 1 of the Elven Halls
 24970 | Elf:1    | Found a radiant altar of Vehumet.
 24993 | Elf:1    | Reached skill level 18 in Armour
 25397 | Elf:1    | Reached XP level 15. HP: 73/145 MP: 7/21
 25701 | Orc:1    | Noticed an orc warlord
 25701 | Orc:1    | Reached ***** piety under the Shining One
 26187 | Orc:2    | HP: 2/145 [orc warlord (25)]
 26187 | Orc:2    | Slain by an orc warlord

Illustrated notes

Levels and vault maps discovered:
D:1:      ldierk_walled_garden_2, layout_rooms, basic_ecumenical_altar,
          serial_bayou_lake_a
D:2:      layout_loops_cross, uniq_crazy_yiuf_cottage, uniq_terence
D:3:      kennysheep_the_goblin_king, layout_basic, gup_sewer_entry_pipe,
          uniq_jessica, uniq_robin, uniq_sigmund
D:4:      layout_basic, gammafunk_ghost_grave, uniq_ijyb, uniq_pikel
D:5:      layout_loops_corners, amcnicky_altar_gilded,
          minmay_temple_entry_purple_smoke, gammafunk_ghost_split,
          dk_rats_in_the_wall
D:6:      layout_basic, nemelex_altar_shiori, kennysheep_okawaru_gauntlet,
          nicolae_ru_sacrificial_ziggurat, serial_park_tiny_pond
D:7:      layout_basic, lemuel_crystal_altar, grunt_gozag_statues,
          lemuel_blue_sif_altar, hangedman_feature_mirror
D:8:      layout_basic, mainiacjoe_overflow_cross_hatched, uniq_erica,
          uniq_psyche
D:9:      layout_gridville, bloody_trog, lemuel_doored_altar, hiddenorc1_lemuel,
          serial_shops, nicolae_lakefront_shop
D:10:     layout_layer_cave, mainiacjoe_overflow_surrounded_room,
          erik_lair_orcish_takeover, grunt_ministairs_14
D:11:     layout_layer_cave, minmay_misc_feat_hallway,
          nicolae_qazlal_eye_of_the_storm
D:12:     layout_loops_ring, gammafunk_ghost_hydra_chop, uniq_kirke
D:13:     minmay_textured_paths, layout_long_grid, david_vaults_1
D:14:     layout_stronghold, led_xom_imps, uniq_josephine
Temple:   minmay_temple_curvy_loop
Lair:1:   layout_cave_pods
Lair:2:   lemuel_reptile_caves, layout_small_grid, wad_woods_river_03,
          lemuel_oklob_altar
Lair:3:   layout_cave_pods, swamp_mist, portal_ice_cave_entry_pillars_2,
          beast_lair_carwin_9, serial_bayou_shore_a, lemuel_fruit_tree,
          infiniplex_staircase_pool
Lair:4:   layout_regular_city, guppyfry_snake_entry_garden,
          ebering_ghost_reflecting_pool
Lair:5:   layout_regular_city, beast_lair_carwin_3, grunt_megastairs_1
Lair:6:   gammafunk_lair_ancient_temple, layout_regular_city, slime_altar_2,
          lemuel_fruit_fields, uniq_nessos
Orc:1:    layout_caves, serial_shops, nicolae_shop_crystal
Orc:2:    st_orc_open, layout_caves
Elf:1:    eino_elf_arrival_altar, layout_gridlike, ebering_ghost_inner_flame,
          serial_shops, shop_fountains, minmay_elf_necromancy,
          statue_in_the_mist_lemuel, drop_trap, uniq_donald

Skill      XL: |  1  2  3  4  5  6  7  8  9 10 11 12 13 14 |
---------------+-------------------------------------------+-----
Dodging        | 1 2 3 4 5 7 9 11 12 | 12.3
Fighting       | 4 5 7 9 10 11 13 14 15 16 | 16.7
Armour         | 4 5 6 7 8 9 11 15 18 | 18.2
Axes           | 3 4 5 6 8 11 12 | 12.0
Invocations    | 3 5 8 9 10 | 10.3
Polearms       | 4 7 8 9 |  9.9
Shields        | |  3.6

Action                   |  1- 3 |  4- 6 |  7- 9 | 10-12 | 13-15 || total
-------------------------+-------+-------+-------+-------+-------++-------
Melee: War axe           |    50 |       |       |       |       ||    50
       Headbutt          |     4 |     4 |    35 |    83 |   125 ||   251
       Glaive            |       |   111 |       |   310 |   402 ||   823
       Quarterstaff      |       |     6 |       |       |       ||     6
       Scythe            |       |       |   229 |   163 |   215 ||   607
Throw: Stone             |    38 |    17 |       |       |       ||    55
       Dart              |       |       |    78 |   234 |    97 ||   409
       Javelin           |       |       |       |     8 |     6 ||    14
Invok: Divine Shield     |       |       |       |     2 |     4 ||     6
Evoke: Wand              |       |       |       |       |    29 ||    29
  Use: Scroll            |       |    11 |     8 |    15 |    10 ||    44
       Potion            |       |     1 |       |     7 |    10 ||    18
Armor: Scale mail        |    15 |       |       |       |       ||    15
       Chain mail        |     4 |    57 |   197 |     9 |       ||   267
       Plate armour      |       |       |       |   352 |   447 ||   799
Dodge: Dodged            |    34 |    44 |   129 |   306 |   855 ||  1368
Block: Buckler           |    13 |       |       |       |       ||    13
       Other             |       |       |       |    10 |    28 ||    38

Table legend: (Time is in decaauts)
 A = Elapsed time spent in this place.
 B = Non-inter-level travel time spent in this place.
 C = Inter-level travel time spent in this place.
 D = Time resting spent in this place.
 E = Time spent auto-exploring this place.
 F = Levels seen in this place.
 G = Mean time per level.
                   A        B        C        D        E       F      G
               +--------+--------+--------+--------+--------+-----+--------+
         Total |  27030 |  25774 |   1256 |   5756 |  14440 |  25 | 1081.2 |
       Dungeon |  14520 |  13560 |    960 |   2549 |   8303 |  14 | 1037.1 |
        Temple |    165 |    105 |     60 |      0 |     90 |   1 |  165.0 |
          Lair |   7901 |   7688 |    213 |    922 |   5020 |   6 | 1316.8 |
  Orcish Mines |   2915 |   2893 |     22 |   1696 |    542 |   2 | 1457.5 |
   Elven Halls |    560 |    560 |      0 |    270 |    100 |   1 |  560.0 |
         Sewer |    966 |    966 |      0 |    318 |    385 |   1 |  966.0 |
               +--------+--------+--------+--------+--------+-----+--------+

Top non-repeatable levels by time:
     D:9: 2328 daAuts
  Lair:2: 1850 daAuts
   Orc:1: 1671 daAuts
  Lair:6: 1529 daAuts
   Orc:2: 1244 daAuts
    D:11: 1234 daAuts
  Lair:1: 1223 daAuts
     D:4: 1223 daAuts
    D:12: 1222 daAuts
     D:5: 1211 daAuts
  Lair:3: 1166 daAuts
     D:8: 1135 daAuts
     D:3: 1130 daAuts
  Lair:4: 1128 daAuts
    D:10: 1095 daAuts
